 Dungeon Crawl Stone Soup version 0.27.0-1-g7a089689b8 (webtiles) character file.

Game seed: 13474409495952608520

35234 ZombieSheep the Nimble (level 13, -8/96 HPs)
             Began as an Octopode Berserker on Aug 9, 2021.
             Was a High Priest of Trog.
             Mangled by a five-headed hydra (12 damage)
             ... on level 3 of the Lair of Beasts.
             The game lasted 00:36:48 (15716 turns).

ZombieSheep the Nimble (Octopode Berserker)        Turns: 15716, Time: 00:36:49

Health: -8/96      AC:  1    Str: 16    XL:     13   Next: 82%
Magic:  13/13      EV: 21    Int: 14    God:    Trog [*****.]
Gold:   419        SH:  6    Dex: 19    Spells: 12/12 levels left

rFire    . . .     SeeInvis +   b - +2 scimitar (flame)
rCold    . . .     Faith    .   u - +0 buckler
rNeg     . . .     Spirit   .   (helmet restricted)
rPois    +         Reflect  .   l - amulet of regeneration
rElec    .         Harm     .   j - ring of poison resistance
rCorr    +         Rampage  .   n - ring of the Oligarchy {rCorr Int+3 Dex+4 SInv}
Will     .....                  (no ring)
Stlth    +++++.....             (no ring)
HPRegen  1.26/turn              (no ring)
MPRegen  0.13/turn              (no ring)
                                (no ring)
                                (no ring)

@: no status effects
A: almost no armour, amphibious, 8 rings, camouflage 1, gelatinous body 1,
(nimble swimmer 1), tentacles
a: Renounce Religion, Berserk, Trog's Hand, Brothers in Arms


You were on level 3 of the Lair of Beasts.
You worshipped Trog.
Trog was extremely pleased with you.
You visited 2 branches of the dungeon, and saw 13 of its levels.
You also visited: Ossuary.

You collected 1107 gold pieces.
You spent 688 gold pieces at shops.

Inventory:

Hand Weapons
 a - a +4 demon blade
 b - a +2 scimitar of flaming (weapon)
 y - a +1 falchion of freezing
 D - a +4 scimitar
 E - a +3 short sword of flaming
 G - a +3 great sword of freezing
Missiles
 v - 7 throwing nets (quivered)
Armour
 u - a +0 buckler (worn)
Jewellery
 j - a ring of poison resistance (left tentacle)
 k - an amulet of magic regeneration
 l - an amulet of regeneration (around mantle)
 n - the ring of the Oligarchy (right tentacle) {rCorr Int+3 Dex+4 SInv}
   (You bought it in a shop on level 6 of the Dungeon)

   [ring of resist corrosion]

   Int:       It affects your intelligence (+3).
   Dex:       It affects your dexterity (+4).
   SInv:      It lets you see invisible.
   rCorr:     It protects you from acid and corrosion.
 F - a ring of fire
 H - an amulet of reflection
Wands
 i - a wand of polymorph (17)
 p - a wand of charming (10)
 B - a wand of iceblast (13)
 C - a wand of flame (37)
Scrolls
 h - 4 scrolls of summoning
 q - 5 scrolls of teleportation
 s - 2 scrolls of magic mapping
 t - 2 scrolls of fear
 x - a scroll of blinking
 A - a scroll of identify
Potions
 c - 11 potions of curing
 d - 2 potions of might
 e - a potion of lignification
 f - 2 potions of flight
 g - 2 potions of brilliance
 m - 2 potions of mutation
 o - a potion of ambrosia
 r - 3 potions of haste
 w - a potion of heal wounds
 z - a potion of invisibility


   Skills:
 + Level 11.8 Fighting
 + Level 11.9 Long Blades
 - Level 12.0 Dodging
 - Level 9.0 Stealth
 - Level 4.5 Shields
 + Level 7.1 Evocations


You had 12 spell levels left.
You didn't know any spells.
Your spell library was empty.

Dungeon Overview and Level Annotations

Branches:
Dungeon (10/15)            Temple (0/1) D:4            Lair (3/6) D:9
Ossuary (visited)
  Swamp: Lair:2-4    Shoals: Lair:2-4     Snake: Lair:2-4    Spider: Lair:2-4
    Orc: D:9-12

Altars:
Ashenzari
Cheibriados
Hepliaklqana
Nemelex Xobeh
Okawaru
Uskayaw
Wu Jian
Xom
Yredelemnul

Shops:
D:6 [=   D:9 *


Innate Abilities, Weirdness & Mutations

You cannot wear most types of armour.
You are amphibious.
You can wear up to eight rings at the same time.
Your skin changes colour to match your surroundings (Stealth+).
Your rubbery body absorbs attacks. (AC +1, EV +1)
((You are camouflaged near water. (Stealth+)))
You have tentacles for arms and can constrict up to eight enemies at once.


Message History

Trog accepts your kill.
You start resting.
An eight-headed hydra comes into view.
An eight-headed hydra is nearby!
Your +2 scimitar of flaming bursts into flame!
b - a +2 scimitar of flaming (weapon)
There is an open door here.
Found an escape hatch in the ceiling.
The eight-headed hydra roars!
You hack one of the eight-headed hydra's heads off!
The flame cauterises the wound!
You slash the seven-headed hydra! You burn the seven-headed hydra.
You squeeze the seven-headed hydra!
The seven-headed hydra is moderately wounded.
You block the seven-headed hydra's attack.
The seven-headed hydra bites you!
The seven-headed hydra closely misses you.
The seven-headed hydra bites you!
The seven-headed hydra barely misses you.
The seven-headed hydra bites you! x2
You slice one of the seven-headed hydra's heads off!
The flame cauterises the wound!
You slash the six-headed hydra! You burn the six-headed hydra.
The six-headed hydra is heavily wounded.
You block the six-headed hydra's attack.
The six-headed hydra bites you! x3
* * * LOW HITPOINT WARNING * * *
The six-headed hydra bites you.
* * * LOW HITPOINT WARNING * * *
The six-headed hydra bites you!
* * * LOW HITPOINT WARNING * * *
You lop one of the six-headed hydra's heads off!
The flame cauterises the wound!
You slash the five-headed hydra! You burn the five-headed hydra.
The five-headed hydra is severely wounded.
The five-headed hydra bites you!
* * * LOW HITPOINT WARNING * * *
The five-headed hydra misses you.
The five-headed hydra barely misses you.
The five-headed hydra bites you!
You die...

#..+.........######.#
.##.................#
######.#'.P.##...## ###
#...#### .# #.####+.##
###### #........## F#
#....# #.........# ..
#....#####>........#
###.#.......##..@D....##
........†...##........#
.........P#..'........#
.........##.##....[...#
####+##########.P.+.###
#.#..## ####..# .#.#
<...


You could see a five-headed hydra.

Vanquished Creatures
  4 hydras
  Erica (D:9)
  Joseph (D:7)
  3 black mambas
  6 cane toads
  5 komodo dragons
  2 polar bears (Lair:2)
  A troll (D:10)
  3 hornets
  3 blink frogs (Lair:2)
  40 yaks
  A wraith (D:10)
  2 wyverns
  A basilisk (Lair:2)
  2 steam dragons
  Grum (D:6)
  An acid dragon (D:5)
  8 water moccasins
  2 ice beasts
  2 orc warriors (D:9)
  2 black bears
  A sky beast (D:8)
  2 necrophages
  4 wolves
  An ogre (D:4)
  3 centaurs
  A phantom (D:4)
  8 bullfrogs
  A kobold brigand (D:6)
  A wyvern zombie (D:5)
  5 gnoll sergeants
  2 scorpions
  A water moccasin zombie (D:5)
  2 jellies
  5 killer bees
  2 electric eels (D:9)
  13 wights
  2 centaur zombies
  A bullfrog skeleton (D:6)
  2 centaur skeletons (D:7)
  2 human zombies (Ossuary)
  4 gnoll shamans
  15 hounds
  An orc priest (D:9)
  7 iguanas
  Terence (D:3)
  4 orc wizards
  A killer bee zombie (D:8)
  A hound zombie (D:5)
  A hound skeleton (D:5)
  3 mummies (Ossuary)
  34 gnolls
  3 adders (D:2)
  4 white imps
  A howler monkey simulacrum (D:9)
  3 adder zombies (Ossuary)
  3 dart slugs
  21 orcs
  2 bats (D:3)
  10 endoplasms
  4 giant cockroaches
  4 gnoll zombies (Ossuary)
  6 goblins
  3 hobgoblins
  10 jackals
  6 kobolds
  7 quokkas
  7 ball pythons
  6 frilled lizards
  5 goblin zombies (Ossuary)
  3 hobgoblin zombies (Ossuary)
  4 jackal zombies (Ossuary)
  A kobold zombie (Ossuary)
  4 orc zombies (Ossuary)
  2 quokka zombies (Ossuary)
  6 rats
  6 rat zombies (Ossuary)
353 creatures vanquished.

Vanquished Creatures (collateral kills)
  A two-headed ogre (D:9)
  6 yaks (D:9)
  A black bear (D:9)
  A wight (D:9)
9 creatures vanquished.

Vanquished Creatures (others)
  A centaur (D:9)
  40 fungi
  35 plants
76 creatures vanquished.

Grand Total: 438 creatures vanquished

Notes
Turn   | Place    | Note
-------+----------+-------------------------------------------
     0 | D:1      | ZombieSheep the Octopode Berserker began the quest for the
                  | Orb.
     0 | D:1      | Reached XP level 1. HP: 16/16 MP: 1/1
   277 | D:1      | Reached XP level 2. HP: 20/21 MP: 2/2
   367 | D:1      | Found a faded altar of an unknown god.
  1015 | D:2      | Reached XP level 3. HP: 26/26 MP: 3/3
  1095 | D:2      | Noticed a scorpion
  1112 | D:2      | Killed a scorpion
  1112 | D:2      | Reached ** piety under Trog
  1113 | D:2      | Reached XP level 4. HP: 33/33 MP: 4/4
  1313 | D:2      | Reached skill level 4 in Dodging
  1313 | D:2      | Reached XP level 5. HP: 37/37 MP: 5/5
  1748 | D:3      | Noticed Terence
  1754 | D:3      | Killed Terence
  1755 | D:3      | Reached skill level 1 in Stealth
  2197 | D:3      | Reached XP level 6. HP: 43/43 MP: 6/6
  2588 | D:4      | Found a staircase to the Ecumenical Temple.
  2673 | D:4      | Reached skill level 5 in Stealth
  2913 | D:4      | Reached *** piety under Trog
  2986 | D:4      | Found a sand-covered staircase.
  2995 | Ossuary  | Entered an ossuary
  3196 | Ossuary  | Reached XP level 7. HP: 35/48 MP: 7/7
  3417 | Ossuary  | Reached **** piety under Trog
  4314 | D:5      | Entered Level 5 of the Dungeon
  4335 | D:5      | Found a sparkling altar of Nemelex Xobeh.
  4357 | D:5      | Found a snail-covered altar of Cheibriados.
  4514 | D:5      | Reached skill level 5 in Fighting
  4514 | D:5      | Reached skill level 5 in Long Blades
  4514 | D:5      | Reached skill level 5 in Dodging
  4525 | D:5      | Reached XP level 8. HP: 31/55 MP: 8/8
  5468 | D:6      | Reached skill level 6 in Dodging
  5775 | D:6      | Reached skill level 1 in Shields
  6009 | D:6      | Found an ornate altar of the Wu Jian Council.
  6026 | D:6      | Reached XP level 9. HP: 59/63 MP: 9/9
  6070 | D:6      | Found Rarchudem's Jewellery Shop.
  6119 | D:6      | Found a broken altar of Ashenzari.
  6359 | D:6      | Found Ymuv's Armour Shop.
  6707 | D:6      | Noticed Grum
  6712 | D:6      | Killed Grum
  7571 | D:6      | Reached skill level 7 in Dodging
  8204 | D:7      | Reached ***** piety under Trog
  8636 | D:7      | Noticed Joseph
  8646 | D:7      | Killed Joseph
  8647 | D:7      | Reached XP level 10. HP: 15/71 MP: 10/10
  9131 | D:7      | Found a hazy altar of Hepliaklqana.
  9916 | D:8      | Reached skill level 8 in Dodging
 10490 | D:8      | Reached skill level 1 in Evocations
 10852 | D:9      | Found a shimmering altar of Xom.
 10917 | D:9      | Found an iron altar of Okawaru.
 11268 | D:9      | Found Diutin's General Store.
 11299 | D:9      | Found a staircase to the Lair.
 11326 | D:9      | Reached XP level 11. HP: 42/80 MP: 11/11
 11351 | D:9      | Noticed a two-headed ogre
 11353 | D:9      | Killed a two-headed ogre
 11408 | D:9      | Received a gift from Trog
 11656 | D:9      | Reached skill level 5 in Evocations
 11708 | D:9      | Noticed Erica
 11732 | D:9      | Killed Erica
 11950 | D:10     | Entered Level 10 of the Dungeon
 12068 | D:10     | Found a basalt altar of Yredelemnul.
 12097 | D:10     | Reached skill level 10 in Long Blades
 12234 | D:10     | Reached skill level 10 in Fighting
 12598 | D:10     | Found a hide-covered altar of Uskayaw.
 12657 | Lair:1   | Entered Level 1 of the Lair of Beasts
 12780 | D:6      | Bought the ring of the Oligarchy {rCorr Int+3 Dex+4 SInv}
                  | for 688 gold pieces
 13036 | Lair:1   | Noticed an eight-headed hydra
 13156 | Lair:1   | Noticed a four-headed hydra
 13182 | Lair:1   | Killed a one-headed hydra
 13362 | Lair:1   | Killed a three-headed hydra
 13363 | Lair:1   | Reached XP level 12. HP: 30/89 MP: 12/12
 13705 | Lair:1   | Reached skill level 9 in Dodging
 14319 | Lair:1   | Noticed a seven-headed hydra
 14328 | Lair:1   | Killed a three-headed hydra
 14431 | Lair:1   | Reached skill level 12 in Dodging
 14431 | Lair:1   | Reached XP level 13. HP: 95/95 MP: 13/13
 15584 | Lair:2   | Received a gift from Trog
 15716 | Lair:3   | HP: 4/96 [five-headed hydra (9)]
 15716 | Lair:3   | Mangled by a five-headed hydra

Illustrated notes

Levels and vault maps discovered:
D:1:      dpeg_arrival_ternary, layout_loops_corners,
          hellmonk_ecumenical_altar_arch_garden
D:2:      layout_loops_ring
D:3:      layout_rooms, roderic_three_in_a_row, moated_statue,
          grunt_decor_clamped, st_stairs_4, chequers_decorated_corner,
          minmay_between, uniq_terence
D:4:      layout_loops_corners, minmay_temple_entry_trees, enter_ossuary_2
D:5:      layout_loops_ring, mainiacjoe_overflow_concentric_impassable,
          mainiacjoe_overflow_cross_hatched
D:6:      layout_cave_pools, ashenzari_altar_1, old_standard_altar,
          serial_shops, shop, serial_gnoll_camp, grums_kennel,
          gnoll_camp_mini_loothouse, gnoll_camp_mini_house,
          gnoll_camp_mini_shop, gnoll_camp_huts_basic, gnoll_camp_medium_02
D:7:      layout_basic, mainiacjoe_overflow_brackets, uniq_joseph
D:8:      layout_basic
D:9:      layout_loops_corners, xom_confusion_cloud, okawaru_trees_2,
          due_lair_maze_entry_diamond, serial_ice, serial_ice_c, serial_ice_e,
          serial_ice_f, serial_ice_l, serial_shops, shop, uniq_erica
D:10:     layout_roguey, amcnicky_altar_gilded, mainiacjoe_overflow_alcove_4
Lair:1:   layout_layer_cave
Lair:2:   layout_regular_city, st_stairs_9, infiniplex_staircase_pool_2
Lair:3:   layout_roguey, nicolae_swamp_entry_splash_gauntlet,
          minmay_snake_entry_guardpost_large, gauntlet_entry_generic,
          serial_bayou_shore_b

Skill      XL: |  1  2  3  4  5  6  7  8  9 10 11 12 13 |
---------------+----------------------------------------+-----
Fighting       | 4 5 6 7 9 10 11 | 11.8
Long Blades    | 4 5 6 7 9 10 11 | 11.9
Dodging        | 4 5 6 7 8 12 | 12.0
Stealth        | 4 6 9 |  9.0
Shields        | 1 4 |  4.5
Evocations     | 3 5 7 |  7.1

Action                   |  1- 3 |  4- 6 |  7- 9 | 10-12 | 13-15 || total
-------------------------+-------+-------+-------+-------+-------++-------
Melee: Short sword       |    33 |   131 |   259 |       |       ||   423
       Constrict         |    13 |    25 |    56 |    62 |    16 ||   172
       Tentacles         |    11 |    18 |    51 |   136 |    53 ||   269
       Falchion          |     2 |       |       |       |       ||     2
       Scimitar          |       |       |    12 |   188 |     7 ||   207
       Demon blade       |       |       |       |   222 |   152 ||   374
Invok: Berserk           |     1 |     2 |     9 |     6 |     1 ||    19
       Brothers in Arms  |       |       |       |     1 |       ||     1
Evoke: Wand              |       |       |       |     4 |       ||     4
  Use: Scroll            |       |     4 |    14 |     5 |     2 ||    25
       Potion            |       |       |       |     2 |       ||     2
 Stab: Sleeping          |     4 |    18 |    25 |    12 |     4 ||    63
       Distracted        |       |       |     2 |       |       ||     2
Armor: Skin              |     2 |     6 |    10 |    13 |     2 ||    33
Dodge: Dodged            |    10 |    60 |   172 |   242 |    89 ||   573
Block: Buckler           |       |       |       |    57 |    36 ||    93
       Rpst.: Scimitar   |       |       |     2 |    29 |       ||    31
       Demon blade       |       |       |       |    26 |    28 ||    54
